 Dungeon Crawl Stone Soup version 0.27-a0-445-gbe96e517c0 (webtiles) character file.

Game seed: 6872146562836361566

139 Chiseanne the Skirmisher (level 5, -1/43 HPs)
             Began as a Demonspawn Wanderer on Feb 27, 2021.
             Slain by a worm (6 damage)
             ... on level 3 of the Dungeon.
             The game lasted 00:03:58 (3551 turns).

Chiseanne the Skirmisher (Demonspawn Wanderer)      Turns: 3551, Time: 00:03:59

Health: -1/43      AC:  3    Str: 14    XL:     5   Next: 1%
Magic:  5/5        EV: 12    Int: 12    God:
Gold:   82         SH:  0    Dex: 13    Spells: 4/4 levels left

rFire    . . .     SeeInvis .   a - +3 falchion
rCold    . . .     Faith    .   (no shield)
rNeg     . . .     Spirit   .   o - +0 leather armour
rPois    .         Reflect  .   (no helmet)
rElec    .         Harm     .   (no cloak)
rCorr    .         Rampage  .   (no gloves)
Will     .....                  (no boots)
Stlth    +.........             (no amulet)
HPRegen  0.14/turn              (no ring)
MPRegen  0.09/turn              (no ring)

@: very slow
A: powered by pain 2
a: no special abilities


You were on level 3 of the Dungeon.
You visited 1 branch of the dungeon, and saw 3 of its levels.

You collected 82 gold pieces.

Inventory:

Hand Weapons
 a - a +3 falchion (weapon)
 b - a +0 mace
Missiles
 e - 37 sling bullets
 n - 97 stones
 p - 11 boomerangs (quivered)
 t - 45 arrows
 v - 7 javelins
 w - 26 bolts
Armour
 o - a +0 leather armour (worn)
Jewellery
 f - a ring of flight
 u - an amulet of guardian spirit
 y - an amulet of magic regeneration
 z - a ring of ice
Scrolls
 c - a scroll of enchant weapon
Potions
 d - a potion of berserk rage
 h - a potion of flight
 i - a potion of brilliance {unknown}
 j - a potion of might
 k - a potion of lignification {unknown}
 l - a potion of haste
 m - 2 potions of resistance
 x - a potion of curing


   Skills:
 * Level 4.3 Fighting
 - Level 1.0 Long Blades
 - Level 1.7 Maces & Flails
 * Level 1.9 Armour
 * Level 2.9 Dodging
 - Level 1.0 Stealth
 - Level 1.0 Evocations


You had 4 spell levels left.
You didn't know any spells.
Your spell library was empty.

Dungeon Overview and Level Annotations

Branches:
Dungeon (3/15)

Altars:
Ashenzari
Vehumet


Innate Abilities, Weirdness & Mutations

You sometimes gain power by taking damage.


Message History

You hit the dart slug.
The dart slug is almost dead.
The dart slug launches a dart at you. The slug dart misses you.
You hit the dart slug.
You kill the dart slug!
The worm bites you! The worm misses you.
You hit the worm.
The worm is moderately wounded.
The worm bites you!
You slash the worm!
The worm is severely wounded.
The worm bites you!
* * * LOW HITPOINT WARNING * * *
You hit the worm.
The worm is almost dead.
You hit the worm.
You kill the worm!
You have reached level 5!
You enter the shallow water.
Moving in this stuff is going to be slow. 2 adders come into view.
The adder hisses angrily. x2
The adder bites you but does no damage.
A rat comes into view.
The adder bites you.
* * * LOW HITPOINT WARNING * * *
The adder closely misses you.
A river rat comes into view.
The adder barely misses you.
A worm comes into view.
The adder closely misses you. x2; The adder barely misses you.
You riposte.
Your unstable footing causes you to fumble your attack.
The adder bites you.
* * * LOW HITPOINT WARNING * * *
The adder closely misses you. The adder barely misses you.
The adder misses you. The adder closely misses you. The worm bites you.
You die...

#.....?....# #.########.# #.#
#####.## #.# #....... ..#. #
#.####.###.## ...
#≈#w####............ ##.##
#≈r≈r≈≈#........#.## ...#
#########≈#[######.#.# ###..#
.#≈≈≈≈≈@SS≈#.# ##.#.#
..#..####.#≈≈#≈#w####.#####..#.#
#.#....#.#..≈.≈≈≈≈≈............#
.......†###.....≈...†.#####.#####
#.#....#.#...........## ##.#....
....#..# .#######....w####....##.
###....# #........(....... #
##.#)# #......###....##. ####.#.#
#......# ##.#.##.


You could see a worm and 2 adders.

Vanquished Creatures
  6 adders
  A river rat (D:3)
  An ooze (D:3)
  3 worms
  A dart slug (D:3)
  A leopard gecko (D:2)
  An orc (D:3)
  3 giant cockroaches
  9 goblins
  7 hobgoblins
  7 jackals (D:1)
  4 kobolds
  A quokka (D:2)
  4 bats
  2 frilled lizards (D:2)
  8 rats
59 creatures vanquished.

Notes
Turn   | Place    | Note
-------+----------+-------------------------------------------
     0 | D:1      | Chiseanne the Demonspawn Wanderer began the quest for the
                  | Orb.
     0 | D:1      | Chiseanne set off with the following items: a +2 falchion,
                  | a +0 mace, a potion of curing, a +0 robe
     0 | D:1      | Reached XP level 1. HP: 18/18 MP: 1/1
   254 | D:1      | Gained mutation: You sometimes gain a little power by
                  | taking damage. [demonic ancestry]
   254 | D:1      | Reached XP level 2. HP: 23/24 MP: 2/2
  1184 | D:1      | Gained mutation: You sometimes gain power by taking damage.
                  | [demonic ancestry]
  1184 | D:1      | Reached XP level 3. HP: 28/29 MP: 3/3
  1950 | D:2      | Found a radiant altar of Vehumet.
  2056 | D:2      | Reached skill level 4 in Fighting
  2056 | D:2      | Reached XP level 4. HP: 21/37 MP: 4/4
  2997 | D:3      | Found a broken altar of Ashenzari.
  3540 | D:3      | Reached XP level 5. HP: 10/43 MP: 5/5
  3551 | D:3      | Slain by a worm

Illustrated notes

Levels and vault maps discovered:
D:1:      elethiomel_arrival_shortcut, layout_basic
D:2:      layout_basic, old_standard_altar, minmay_fractal_squares_gapless_5
D:3:      layout_loops_ring, lemuel_round_altar,
          nemelex_xobeh_ov_fountains_minmay, lightli_sewer_entry_pipes,
          serial_glass, glass_columns_b, glass_columns_a, glass_columns_b,
          glass_columns_a, glass_columns_a, glass_columns_a

Skill      XL: |  1  2  3 |
---------------+----------+-----
Dodging        | 2 |  2.9
Fighting       | 4 |  4.3
Long Blades    | |  1.0
Maces & Flails | |  1.7
Armour         | |  1.9
Stealth        | |  1.0
Evocations     | |  1.0

Action                   |  1- 3 |  4- 6 || total
-------------------------+-------+-------++-------
Melee: Falchion          |    96 |    72 ||   168
Throw: Boomerang         |       |     4 ||     4
       Stone             |       |     1 ||     1
  Use: Potion            |     1 |       ||     1
       Scroll            |       |     9 ||     9
 Stab: Sleeping          |     2 |     1 ||     3
Armor: Robe              |     9 |       ||     9
       Leather armour    |     1 |    13 ||    14
Dodge: Dodged            |    63 |    57 ||   120
       Rpst.: Falchion   |    16 |    22 ||    38

Table legend: (Time is in decaauts)
 A = Elapsed time spent in this place.
 B = Non-inter-level travel time spent in this place.
 C = Inter-level travel time spent in this place.
 D = Time resting spent in this place.
 E = Time spent auto-exploring this place.
 F = Levels seen in this place.
 G = Mean time per level.
                   A        B        C        D        E       F      G
               +--------+--------+--------+--------+--------+-----+--------+
         Total |   3599 |   3487 |    112 |    714 |   2294 |   3 | 1199.7 |
       Dungeon |   3599 |   3487 |    112 |    714 |   2294 |   3 | 1199.7 |
               +--------+--------+--------+--------+--------+-----+--------+

Top non-repeatable levels by time:
     D:2: 1507 daAuts
     D:1: 1439 daAuts
     D:3: 652 daAuts
